AoeStats
← jphilkill

Arena

506365314Analyzed
4v4 RM · 20d ago on Sep 13, 2026· 45m 54s· 8 players
Game mode
Random Map
Map size
Large (8 player)
Population
200
Speed
Normal
Resources
Standard
Victory
Conquest
Starting age
Dark Age
Ending age
Imperial Age
RankedLock teamsTeams togetherTeam positionsShared explorationLock speedFull tech treeHidden civsTurbo modeCheats
Victory
Defeat
🇹🇼 Franks · Taiwan
1084
+13
🇮🇳 Spanish · India
1080
+13
🇨🇳 Britons · China
1022
+15
🇮🇳 Vietnamese · India
998
+16
🇺🇸 Goths · United States
1074
-16
🇬🇧 Magyars · United Kingdom
1026
-15
🇹🇷 Aztecs · Türkiye
1014
-15
🇩🇪 Burgundians · Germany
930
-11
squeezecheese21
10:34 Feudal Age
11:04 Horse Collar
11:12 Double-Bit Axe
15:59 Stone Mining
16:02 Gold Mining
17:38 Loom
20:24 Castle Age
18:43 Fletching
18:53 Padded Archer Armor
19:24 Padded Archer Armor
20:28 Elite Skirmisher
21:17 Bodkin Arrow
21:38 Bow Saw
22:27 Leather Archer Armor
23:26 Atlatl
26:37 Heavy Plow
29:48 Gold Shaft Mining
30:57 Fervor
30:49 Atonement
30:55 Devotion
31:17 Sanctity
31:20 Redemption
35:43 Imperial Age
34:00 Wheelbarrow
34:38 Stone Shaft Mining
36:42 Hand Cart
37:38 Chemistry
36:59 Ballistics
36:44 Bracer
37:05 Capped Ram
38:41 Crop Rotation
38:57 Siege Ram
41:11 Pikeman
42:03 Forging
41:53 Scale Mail Armor
Alex
12:05 Feudal Age
16:41 Castle Age
15:02 Double-Bit Axe
15:10 Horse Collar
17:22 Fletching
17:48 Bow Saw
18:09 Bodkin Arrow
20:44 Heavy Plow
20:52 Elite Skirmisher
22:41 Gold Mining
24:43 Gold Shaft Mining
25:22 Wheelbarrow
29:04 Imperial Age
28:55 Hand Cart
28:52 Scale Mail Armor
28:52 Man-at-Arms
30:22 Chain Mail Armor
30:13 Stone Mining
30:30 Long Swordsman
31:09 Arson
31:37 Two-Handed Swordsman
32:39 Champion
35:38 Scale Barding Armor
36:40 Chain Barding Armor
37:16 Conscription
38:37 Plate Barding Armor
39:28 Bloodlines
39:19 Husbandry
40:18 Bracer
41:22 Chemistry
jphilkill
0:52 Loom
8:00 Wheelbarrow
11:35 Feudal Age
17:02 Castle Age
15:16 Double-Bit Axe
15:24 Horse Collar
19:23 Gold Mining
19:49 Stone Mining
21:04 Bow Saw
24:14 Forging
24:10 Scale Barding Armor
25:20 Pikeman
29:29 Gold Shaft Mining
29:21 Squires
30:48 Hand Cart
32:00 Scale Mail Armor
33:14 Cavalier
33:56 Husbandry
33:48 Fletching
33:59 Padded Archer Armor
35:35 Chain Mail Armor
35:16 Bodkin Arrow
35:36 Leather Archer Armor
35:56 Iron Casting
35:59 Elite Skirmisher
36:55 Heavy Plow
38:03 Two-Man Saw
41:33 Imperial Age
41:38 Ballistics
41:43 Onager
43:24 Halberdier
ArkumKnight007
10:33 Feudal Age
10:50 Feudal Age
12:02 Double-Bit Axe
18:14 Castle Age
16:50 Stone Mining
16:51 Gold Mining
18:51 Loom
21:47 Bow Saw
25:15 Fletching
27:24 Forging
28:15 Wheelbarrow
27:37 Horse Collar
29:06 Heavy Plow
29:46 Scale Mail Armor
33:50 Imperial Age
34:16 Hand Cart
35:38 Chain Mail Armor
36:56 Two-Man Saw
39:18 Bodkin Arrow
40:22 Murder Holes
40:51 Pikeman
41:32 Squires
Majji_
10:17 Feudal Age
14:27 Castle Age
13:13 Stone Mining
13:41 Double-Bit Axe
14:42 Loom
15:26 Town Watch
19:55 Bow Saw
20:58 Fletching
21:53 Horse Collar
23:01 Bodkin Arrow
23:49 Padded Archer Armor
26:54 Wheelbarrow
27:18 Hand Cart
27:31 Gold Mining
28:01 Heavy Plow
31:51 Imperial Age
30:29 Ballistics
31:17 Leather Archer Armor
32:42 Bracer
34:55 Chemistry
36:06 Ring Archer Armor
39:25 Bloodlines
39:17 Husbandry
39:34 Scale Barding Armor
42:57 Scale Barding Armor
43:03 Forging
42:34 Elite Battle Elephant
44:03 Chain Barding Armor
45:37 Iron Casting
45:08 Chatras
46:17 Plate Barding Armor
Rubick
9:23 Loom
11:25 Feudal Age
15:12 Castle Age
14:20 Double-Bit Axe
14:17 Horse Collar
17:52 Wheelbarrow
21:27 Wheelbarrow
22:19 Padded Archer Armor
24:29 Town Watch
25:33 Hand Cart
29:54 Imperial Age
27:19 Man-at-Arms
28:46 Fletching
28:57 Gold Mining
28:59 Stone Mining
29:03 Long Swordsman
30:09 Bloodlines
32:12 Chemistry
31:42 Scale Mail Armor
31:56 Forging
31:54 Two-Handed Swordsman
33:32 Chain Mail Armor
35:46 Champion
38:01 Ballistics
37:52 Masonry
39:07 Conscription
40:14 Bodkin Arrow
40:35 Leather Archer Armor
40:51 Plate Mail Armor
40:57 Iron Casting
42:38 Bow Saw
42:31 Heavy Plow
43:13 Guilds
42:49 Elite Conquistador
44:16 Stone Shaft Mining
pacoyyds
11:38 Feudal Age
12:34 Double-Bit Axe
12:30 Horse Collar
16:21 Castle Age
17:13 Bow Saw
17:04 Heavy Plow
18:41 Stone Mining
19:27 Fervor
25:24 Wheelbarrow
26:16 Gold Mining
30:28 Imperial Age
28:22 Hand Cart
27:54 Town Watch
27:54 Loom
29:21 Ballistics
28:41 Treadmill Crane
29:15 Fortified Wall
29:16 Masonry
29:00 Fletching
29:10 Padded Archer Armor
31:28 Yeomen
32:20 Two-Man Saw
32:02 Gold Shaft Mining
31:25 Bodkin Arrow
31:46 Leather Archer Armor
32:34 Chemistry
31:30 Murder Holes
32:00 Town Patrol
32:14 Town Patrol
31:43 Elite Longbowman
32:53 Conscription
32:59 Bracer
33:33 Architecture
33:56 Arrowslits
34:17 Siege Engineers
36:51 Forging
37:14 Ring Archer Armor
36:56 Forging
36:51 Scale Barding Armor
36:55 Warwolf
37:47 Hoardings
38:20 Husbandry
38:17 Cavalier
marshonginn
11:28 Feudal Age
12:41 Double-Bit Axe
18:08 Castle Age
16:36 Gold Mining
17:53 Forging
18:52 Husbandry
19:30 Wheelbarrow
20:45 Fervor
21:04 Town Watch
24:29 Bow Saw
24:50 Stone Mining
27:14 Hand Cart
30:18 Loom
33:22 Imperial Age
31:13 Fortified Wall
31:57 Scale Barding Armor
32:34 Masonry
34:06 Gold Shaft Mining
34:10 Iron Casting
33:43 Cavalier
36:09 Paladin
37:13 Chivalry
37:38 Ballistics
37:58 Conscription
38:32 Chain Barding Armor
38:52 Hoardings
39:54 Blast Furnace
42:05 Town Patrol
43:40 Plate Barding Armor
45:30 Scale Mail Armor
45:20 Fletching
45:38 Squires
44:58 Pikeman
44:58 Light Cavalry
45:58 Block Printing
46:08 Illumination
46:20 Architecture
46:51 Chemistry
Connection lost

Rejoining the realm…

Still unreachable

The connection could not be restored.

Session expired

The server has moved on; the page needs a fresh start.